 Dungeon Crawl Stone Soup version 0.20-a0-738-gb057e68 (webtiles) character file.

235651 Gorglomux the Warrior (level 19, -4/127 HPs)
             Began as a Gargoyle Gladiator on Feb 23, 2017.
             Was a High Priest of Wu Jian.
             Killed from afar by a fire dragon (51 damage)
             ... with a blast of flame
             ... on level 1 of the Vaults.
             The game lasted 02:19:16 (36808 turns).

Gorglomux the Warrior (Gargoyle Gladiator)         Turns: 36808, Time: 02:19:23

Health: -4/127     AC: 35    Str: 18    XL:     19   Next: 18%
Magic:  24/31      EV: 17    Int: 14    God:    Wu Jian [*****.]
Gold:   2260       SH:  0    Dex: 14    Spells: 21/34 levels left

rFire    . . .     SeeInvis +   a - +6 quarterstaff (drain)
rCold    . . .     Gourm    .   I - +5 scale mail of the Mantidfly {MR+}
rNeg     + + .     Faith    +   (shield currently unavailable)
rPois    ∞         Spirit   .   l - +3 crown of Dyrovepreva {rElec Int+2 SInv}
rElec    +         Reflect  .   (no cloak)
rCorr    .         Harm     .   G - +0 pair of gloves
MR       +++..     Clarity  +   i - +2 pair of boots
Stlth    ..........             J - amulet of faith
Regen    1.4/turn               m - ring of protection from magic
MPRegen  0.3/turn               k - ring of positive energy

@: flying, regenerating
A: big wings, horns 1, clarity, dopey 1, negative energy resistance 1,
electricity resistance, unbreathing, petrification resistance, rot immunity, AC
+13
}: 2/15 runes: decaying, gossamer
a: Stop Flying, Serpent's Lash, Heaven On Earth, Renounce Religion


You were on level 1 of the Vaults.
You worshipped Wu Jian.
Wu Jian was extremely pleased with you.
You were very hungry.

You visited 6 branches of the dungeon, and saw 32 of its levels.
You also visited: Sewer.

You collected 3347 gold pieces.
You spent 1087 gold pieces at shops.

Inventory:

Hand Weapons
 a - a +6 quarterstaff of draining (weapon)
 b - a +0 blowgun
Missiles
 H - 17 curare-tipped needles
 Z - 9 throwing nets (quivered)
Armour
 i - a +2 pair of boots (worn)
 l - the +3 crown of Dyrovepreva (worn) {rElec Int+2 SInv}
   (You found it on level 4 of the Spider Nest)

   It affects your intelligence (+2).
   It insulates you from electricity.
   It lets you see invisible.
 G - a +0 pair of gloves (worn)
 I - the +5 scale mail of the Mantidfly (worn) {MR+}
   (You found it on level 4 of the Spider Nest)

   It affects your resistance to hostile enchantments.
Magical Staves
 E - an uncursed staff of death
Jewellery
 c - an uncursed ring of protection from cold
 g - an uncursed ring of resist corrosion
 k - a ring of positive energy (left hand)
 m - a ring of protection from magic (right hand)
 J - an amulet of faith (around neck)
Wands
 A - a wand of acid (3/15)
 C - a wand of confusion (4/48)
 D - a wand of digging (9/24)
Scrolls
 e - 11 scrolls of remove curse
 h - a scroll of fear
 p - 5 scrolls of fog
 t - 2 scrolls of immolation
 x - a scroll of summoning
 B - 5 scrolls of blinking
 M - 3 scrolls of magic mapping
 P - a scroll of holy word
 R - a scroll of identify
 S - a scroll of acquirement
 T - 9 scrolls of teleportation
 Y - 4 scrolls of recharging
Potions
 j - 6 potions of brilliance
 n - 2 potions of invisibility
 r - 7 potions of mutation
 s - 2 potions of might
 v - 6 potions of ambrosia
 w - 2 potions of berserk rage
 y - 5 potions of resistance
 z - 9 potions of heal wounds
 F - 4 potions of haste
 L - 6 potions of agility {!q}
 N - 12 potions of curing
 Q - 2 potions of magic
Miscellaneous
 u - a lightning rod (inert)
 U - a box of beasts
 V - a phantom mirror
 W - a sack of spiders
 X - a phial of floods
Comestibles
 f - 19 bread rations
 O - 12 meat rations


   Skills:
 - Level 16.4 Fighting
 - Level 14.3 Staves
 - Level 1.7 Throwing
 - Level 11.0 Armour
 - Level 12.1 Dodging
 - Level 8.3 Spellcasting
 - Level 6.7 Charms
 - Level 10.0 Necromancy
 + Level 11.2 Earth Magic
 - Level 10.0 Evocations


You had 21 spell levels left.
You knew the following spells:

 Your Spells              Type           Power        Failure   Level  Hunger
l - Lee's Rapid Deconstr  Erth           #####.....   12%         5    #####..
o - Apportation           Tloc           #.....       34%         1    None
E - Animate Dead          Necr           N/A          6%          4    ####...
R - Regeneration          Chrm/Necr      ####......   3%          3    ##.....


Dungeon Overview and Level Annotations

Branches:
Dungeon (15/15)            Temple (0/1) D:7            Lair (6/6) D:8
  Swamp (4/4) Lair:2       Spider (4/4) Lair:3        Slime (0/5) Lair:5
    Orc (2/2) D:9             Elf (0/3) Orc:2        Vaults (1/5) D:14
 Depths (0/5) D:15

Altars:
Ashenzari
Cheibriados
Makhleb
Qazlal
Trog
Wu Jian
The Shining One

Shops:
D:7 :   D:10 *   D:13 !   Orc:2 *[=(

Portals:
Trove: D:15 (give 9 potions of agility)

Annotations:
D:14 1 runed door
Lair:4 exclusion: 4 oklob plants


Innate Abilities, Weirdness & Mutations

You are resistant to torment.
Your stone body is resilient. (AC +13)
You are immune to poison.
Your large and strong wings let you fly indefinitely.
You resist negative energy. (rN+)
You are resistant to electric shocks. (rElec)
You can survive without breathing.
You are immune to petrification.
You are immune to rotting.
You have a pair of small horns on your head.
You possess an exceptional clarity of mind.
You are dopey. (Int -2)


Message History

Your scale mail of the Mantidfly prevents you from hitting the wizard.
The wizard is severely wounded.
The centaur warrior wields an uncursed shortbow.
The centaur warrior shoots an arrow.
The arrow hits your orc zombie!
Your orc zombie is destroyed!
The wizard hits you but does no damage.
Casting: Animate Dead
Confirm with . or Enter, or press ? or * to list all spells.
Your skin crawls.
You are feeling very hungry.
The centaur warrior unwields an uncursed shortbow.
The centaur warrior hits your orc warrior zombie!
You hear a thunk.
A bolt appears from out of your range of vision.
The bolt hits your orc knight zombie!! The fire dragon breathes flames at you.
The blast of flame hits your orc warrior zombie.
Your orc warrior zombie is destroyed!
The blast of flame hits you!
You die...

...... .. ...... .....
......
#########+############...%..
..............(.............
............................
..................D..Z......
................p)c.........
................@p.(Z.......
..................Oc[.......
#########'#+##########......
..#.# #...# ...... .##.#
#.>..# ...... ....# #.....#
..... ....# ##.....# .....
....# #.....# .... .##.#
#.....


You could see a fire dragon, a yaktaur captain, a vault guard, a centaur
warrior, an ogre mage (invisible), a wizard, a friendly orc zombie and a
friendly orc knight zombie.

Vanquished Creatures
  Jorgrun (Spider:3)
  4 ghost moths
  An orc warlord (Orc:2)
  A vault warden (Vaults:1)
  5 emperor scorpions
  A stone giant (Orc:2)
  2 ironheart preservers
  A very ugly thing (Swamp:3)
  3 entropy weavers
  The ghost of krabocopter the Fighter, a journeyman MiGl of Wu Jian (Lair:6)
  A spark wasp (Spider:4)
  A spark wasp (shapeshifter) (Lair:6)
  A great orb of eyes (Vaults:1)
  3 fire dragons
  2 rakshasas (D:15)
  Harold (Orc:1)
  3 ice dragons
  2 vault guards
  27 hydras
  A death knight (D:15)
  16 two-headed ogres
  6 death yaks (Lair:4)
  8 alligators
  4 centaur warriors
  2 ogre magi (D:15)
  Sonja (Lair:2)
  5 orc high priests (Orc:2)
  Urug (D:15)
  A skeletal warrior (D:15)
  An unseen horror (shapeshifter) (D:15)
  A spriggan druid (Swamp:2)
  6 swamp dragons (Swamp:4)
  A glowing orange brain (D:15)
  A wolf spider zombie (D:15)
  A wizard (Vaults:1)
  2 shambling mangroves (Swamp:4)
  A harpy (Vaults:1)
  Pikel (D:7)
  A lindwurm (shapeshifter) (D:15)
  A lindwurm (Lair:4)
  6 orc knights
  An ironbrand convoker (Vaults:1)
  17 orb spiders
  2 cyclopes
  2 manticores
  29 wolf spiders
  A deep elf mage (D:12)
  27 slime creatures
  12 ugly things
  3 orc sorcerers
  A salamander (shapeshifter) (D:15)
  3 moths of wrath
  6 elephants
  Maurice (D:8)
  2 guardian serpents (shapeshifter)
  3 black mambas
  27 spiny frogs
  A vault sentinel (Vaults:1)
  4 torpor snails
  A spiny frog (shapeshifter) (D:13)
  3 rime drakes (Lair:4)
  A gargoyle (D:14)
  2 efreet (D:15)
  9 komodo dragons
  20 demonic crawlers
  A freezing wraith (D:15)
  A queen bee (Lair:4)
  31 jumping spiders
  Grinder (D:4)
  8 trolls
  3 meliai (Lair:4)
  5 tyrant leeches
  20 hornets
  4 hippogriffs
  4 polar bears
  15 dream sheep
  8 bog bodies
  23 blink frogs
  2 meliai zombies
  3 shadows
  A centaur simulacrum (D:15)
  Sigmund (D:3)
  25 tarantellas
  4 spriggans
  90 redbacks
  6 wraiths
  6 wyverns
  A steam dragon (D:9)
  3 basilisks
  A hog (shapeshifter) (D:15)
  A hungry ghost (D:13)
  50 yaks
  23 vampire mosquitoes
  4 wargs
  Edmund (D:3)
  A soldier ant (D:14)
  20 swamp worms
  13 water moccasins
  2 acid dragons
  A water moccasin (shapeshifter) (Lair:3)
  8 porcupines
  37 orc warriors
  13 swamp drakes
  4 hornet zombies
  6 ice beasts
  3 sky beasts
  A black bear (D:13)
  14 ogres
  2 phantoms (D:11)
  4 boggarts (Vaults:1)
  38 wolves
  8 centaurs
  13 crocodiles
  8 big kobolds
  37 bullfrogs
  A wyvern zombie (D:11)
  2 scorpions
  A wyvern skeleton (D:10)
  A water moccasin zombie (D:8)
  43 killer bees
  27 wights
  12 electric eels
  6 howler monkeys
  3 crimson imps
  A quasit (D:13)
  A bullfrog zombie (D:6)
  3 centaur zombies
  20 orc priests
  3 bullfrog skeletons
  15 orc wizards
  Crazy Yiuf (D:7)
  12 hounds
  3 jellies
  6 centaur skeletons
  3 iguanas
  9 hell rats
  6 worker ants
  A hound zombie (D:10)
  Robin (D:3)
  A worker ant zombie (D:6)
  14 adders
  16 river rats
  A shadow imp (D:6)
  5 adder skeletons
  6 leopard geckos
  90 orcs
  5 giant cockroaches
  17 goblins
  21 hobgoblins
  22 jackals
  28 kobolds
  3 quokkas (D:11)
  5 ball pythons (Sewer)
  9 bats
  3 frilled lizards
  A jackal skeleton (D:6)
  2 quokka skeletons
  29 rats
  2 plants
1347 creatures vanquished.

Vanquished Creatures (collateral kills)
  3 alligators
  2 slime creatures (Swamp:2)
  2 hornets (Swamp:2)
  A spriggan (Swamp:2)
  A yak (D:14)
  A swamp worm (Swamp:4)
  A swamp drake (Swamp:4)
  A river rat (Lair:1)
12 creatures vanquished.

Vanquished Creatures (others)
  An oklob plant (Lair:1)
  A polar bear (Lair:3)
  Menkaure (D:7)
  A water moccasin (Lair:5)
  A slave (D:7)
  A bullfrog (D:7)
  A water moccasin zombie (D:7)
  2 killer bees (Lair:4)
  A wight (D:7)
  2 jellies
  A bush (Lair:4)
  17 fungi
  19 plants
49 creatures vanquished.

Grand Total: 1408 creatures vanquished

Notes
Turn   | Place    | Note
-------+----------+-------------------------------------------
     0 | D:1      | Gorglomux the Gargoyle Gladiator began the quest for the Orb.
     0 | D:1      | Reached XP level 1. HP: 12/12 MP: 1/1
    61 | D:1      | Reached XP level 2. HP: 16/17 MP: 2/2
   656 | D:1      | Reached XP level 3. HP: 21/21 MP: 3/3
  1129 | D:2      | Reached XP level 4. HP: 17/26 MP: 4/4
  1242 | D:2      | Found a bloodstained altar of Trog.
  1246 | D:2      | Found a snail-covered altar of Cheibriados.
  1246 | D:2      | Found a burning altar of Makhleb.
  1257 | D:2      | Found a shattered altar of Ashenzari.
  1261 | D:2      | Found an ornate altar of the Wu Jian Council.
  1381 | D:2      | Became a worshipper of the Wu Jian Council
  1813 | D:3      | Noticed Robin
  2044 | D:3      | Killed Robin
  2044 | D:3      | Reached XP level 5. HP: 21/30 MP: 5/5
  2046 | D:3      | Reached * piety under Wu Jian
  2265 | D:3      | Noticed Sigmund
  2279 | D:3      | Killed Sigmund
  2279 | D:3      | Reached skill level 6 in Staves
  2279 | D:3      | Reached XP level 6. HP: 18/35 MP: 6/6
  2941 | D:4      | Noticed Edmund
  3199 | D:3      | Killed Edmund
  3199 | D:3      | Reached XP level 7. HP: 28/40 MP: 7/7
  3593 | D:4      | Noticed Grinder
  3669 | D:4      | Killed Grinder
  3669 | D:4      | Reached skill level 9 in Staves
  3669 | D:4      | Reached XP level 8. HP: 17/44 MP: 8/8
  3982 | D:5      | Entered Level 5 of the Dungeon
  4022 | D:5      | Found a glowing drain.
  4027 | Sewer    | Entered a sewer
  4112 | Sewer    | Reached ** piety under Wu Jian
  4693 | D:5      | Reached *** piety under Wu Jian
  5471 | D:6      | Reached XP level 9. HP: 26/48 MP: 9/9
  5502 | D:6      | HP: 2/48 [orc warrior/scimitar (2)]
  5510 | D:6      | Reached skill level 12 in Staves
  6571 | D:6      | Gained mutation: You are dopey. (Int -2) [potion of mutation]
  6571 | D:6      | Gained mutation: You have a pair of small horns on your head. [potion of mutation]
  6571 | D:6      | Gained mutation: You possess an exceptional clarity of mind. [potion of mutation]
  6610 | D:7      | Noticed Pikel
  6613 | D:7      | Noticed Menkaure
  6648 | D:7      | Killed Pikel
  6973 | D:7      | Reached **** piety under Wu Jian
  6973 | D:7      | Reached XP level 10. HP: 20/53 MP: 10/10
  7379 | D:7      | Killed Menkaure
  7435 | D:7      | Found a staircase to the Ecumenical Temple.
  7613 | D:7      | Reached skill level 3 in Fighting
  7789 | D:7      | Reached skill level 4 in Fighting
  7829 | D:7      | Noticed a two-headed ogre
  7840 | D:7      | Killed a two-headed ogre
  7840 | D:7      | Reached skill level 6 in Fighting
  7865 | D:7      | Found a runed door.
  7918 | D:7      | Found Rott's Book Emporium.
  8015 | D:7      | Noticed Crazy Yiuf
  8020 | D:7      | Killed Crazy Yiuf
  8121 | D:8      | Noticed Maurice
  8130 | D:8      | Noticed a two-headed ogre
  8140 | D:8      | Killed a two-headed ogre
  8140 | D:8      | Reached skill level 7 in Fighting
  8175 | D:8      | Killed Maurice
  8175 | D:8      | Reached skill level 8 in Fighting
  8695 | D:8      | Reached skill level 9 in Fighting
  8695 | D:8      | Reached XP level 11. HP: 71/71 MP: 11/11
  8728 | D:8      | Found a staircase to the Lair.
  9003 | D:9      | Found a staircase to the Orcish Mines.
  9092 | D:9      | Reached ***** piety under Wu Jian
  9132 | D:9      | Found a stormy altar of Qazlal.
  9252 | D:9      | Identified the Almanac of Stones and Contamination
  9290 | D:9      | Reached skill level 10 in Fighting
  9381 | D:9      | Reached skill level 1 in Armour
  9549 | D:9      | Noticed a two-headed ogre
  9552 | D:9      | Noticed a two-headed ogre
  9568 | D:9      | Killed a two-headed ogre
  9568 | D:9      | Reached skill level 3 in Armour
  9585 | D:9      | Killed a two-headed ogre
  9693 | D:10     | Entered Level 10 of the Dungeon
  9911 | D:10     | Found Bikoatyo's Assorted Antiques.
  9919 | D:10     | Bought 2 scrolls labeled HUSANI MUIGG for 56 gold pieces
  9919 | D:10     | Bought 2 scrolls of identify for 112 gold pieces
  9919 | D:10     | Bought a scroll of identify for 56 gold pieces
  9921 | D:10     | Identified a scroll of acquirement
  9926 | D:10     | Got a polished scimitar
  9927 | D:10     | Identified the +9 scimitar of Wrongful Imprisonment {slice, rElec} (You acquired it on level 10 of the Dungeon)
 10001 | D:10     | Reached skill level 6 in Armour
 10311 | D:10     | Noticed a two-headed ogre
 10324 | D:10     | Killed a two-headed ogre
 11112 | Lair:1   | Entered Level 1 of the Lair of Beasts
 11254 | Lair:1   | Noticed a five-headed hydra
 11257 | Lair:1   | Reached skill level 9 in Armour
 11332 | Lair:1   | Reached XP level 12. HP: 53/77 MP: 12/12
 11449 | Lair:1   | Killed a five-headed hydra
 11526 | Lair:1   | Reached skill level 3 in Dodging
 11916 | Lair:1   | Learned a level 3 spell: Regeneration
 12247 | Lair:2   | Found a staircase to the Swamp.
 12480 | Lair:2   | Noticed Sonja
 12665 | Lair:2   | Killed Sonja
 13061 | Lair:3   | Reached skill level 6 in Dodging
 13166 | Lair:3   | Noticed a spriggan rider
 13180 | Lair:3   | Reached XP level 13. HP: 64/82 MP: 13/13
 13214 | Lair:3   | Reached skill level 9 in Dodging
 13437 | Lair:3   | Found a hole to the Spider Nest.
 14855 | Lair:4   | Gained mutation: Your large and strong wings let you fly indefinitely. [Gargoyle growth]
 14855 | Lair:4   | Reached XP level 14. HP: 56/88 MP: 14/14
 15029 | Lair:4   | Reached skill level 12 in Dodging
 15084 | Lair:4   | Reached skill level 1 in Spellcasting
 15084 | Lair:4   | Reached skill level 1 in Charms
 15084 | Lair:4   | Reached skill level 1 in Necromancy
 15974 | Lair:5   | Reached skill level 3 in Spellcasting
 15991 | Lair:5   | Reached skill level 3 in Charms
 16112 | Lair:5   | Found a staircase to the Slime Pits.
 16216 | Lair:6   | Entered Level 6 of the Lair of Beasts
 16308 | Lair:6   | Reached skill level 3 in Necromancy
 16410 | Lair:6   | Noticed krabocopter's ghost (journeyman MiGl)
 16479 | Lair:6   | Killed krabocopter's ghost
 17318 | Lair:6   | Reached XP level 15. HP: 87/92 MP: 23/23
 17385 | Lair:4   | Reached ****** piety under Wu Jian
 17828 | D:11     | You are sucked into a shaft for 2 floors!
 18053 | D:12     | Reached skill level 6 in Spellcasting
 18252 | D:11     | Reached skill level 6 in Charms
 19147 | D:13     | Found Xitteloug's Distillery.
 19150 | D:13     | Bought a potion of curing for 48 gold pieces
 19150 | D:13     | Bought a potion of might for 64 gold pieces
 19150 | D:13     | Bought a potion of heal wounds for 80 gold pieces
 19150 | D:13     | Bought a potion of haste for 160 gold pieces
 19150 | D:13     | Bought a potion of magic for 128 gold pieces
 19150 | D:13     | Bought a potion of agility for 64 gold pieces
 19150 | D:13     | Bought 2 potions of agility for 128 gold pieces
 19150 | D:13     | Bought a potion of might for 64 gold pieces
 19362 | D:13     | Reached skill level 6 in Necromancy
 19941 | D:14     | Reached skill level 11 in Fighting
 20048 | D:14     | Found a gate to the Vaults.
 20310 | D:14     | Reached skill level 12 in Fighting
 20390 | D:14     | Found a runed door.
 20447 | D:14     | Found a runed door.
 20590 | D:15     | Entered Level 15 of the Dungeon
 20829 | D:15     | Found a portal to a secret trove of treasure.
 20907 | D:15     | Noticed Urug
 20917 | D:15     | Killed Urug
 20943 | D:15     | Reached skill level 13 in Fighting
 20943 | D:15     | Reached XP level 16. HP: 62/104 MP: 26/26
 21389 | D:15     | Reached skill level 14 in Fighting
 21396 | D:15     | Found a staircase to the Depths.
 21605 | D:15     | Found a glowing golden altar of the Shining One.
 23230 | Orc:1    | Entered Level 1 of the Orcish Mines
 23292 | Orc:1    | You are sucked into a shaft!
 23292 | Orc:2    | Entered Level 2 of the Orcish Mines
 23294 | Orc:2    | Found a burning altar of Makhleb.
 23423 | Orc:2    | Found Duetoej's Antique Armour Shoppe.
 23435 | Orc:2    | Reached skill level 15 in Fighting
 24741 | Orc:2    | Paralysed by an orc sorcerer for 5 turns
 25155 | Orc:2    | Found Heukomye's General Store.
 25190 | Orc:2    | Bought a scroll of enchant weapon for 127 gold pieces
 25197 | Orc:2    | Found Ficwasei's Antique Weapon Shop.
 25389 | Orc:2    | Found Acusaen's Jewellery Shoppe.
 25610 | Orc:2    | Found a staircase to the Elven Halls.
 25756 | Orc:1    | Reached skill level 16 in Fighting
 25814 | Orc:1    | Noticed Harold
 25829 | Orc:1    | Killed Harold
 26353 | Lair:1   | Learned a level 5 spell: Lee's Rapid Deconstruction
 26422 | Spider:1 | Entered Level 1 of the Spider Nest
 26665 | Spider:1 | You are sucked into a shaft!
 26914 | Spider:2 | Reached skill level 1 in Earth Magic
 27179 | Spider:1 | Reached skill level 3 in Earth Magic
 27424 | Spider:1 | Reached XP level 17. HP: 116/116 MP: 27/27
 28070 | Spider:2 | Reached skill level 6 in Earth Magic
 29343 | Spider:3 | Noticed Jorgrun
 29357 | Spider:3 | Killed Jorgrun
 29906 | Spider:4 | Entered Level 4 of the Spider Nest
 30443 | Spider:3 | Reached skill level 9 in Necromancy
 31379 | Spider:4 | Reached skill level 1 in Evocations
 31459 | Spider:3 | Reached skill level 3 in Evocations
 31592 | Spider:4 | Reached XP level 18. HP: 95/122 MP: 0/28
 31789 | Spider:4 | Got a fine scale mail
 31800 | Spider:4 | Identified the +5 scale mail of the Mantidfly {MR+} (You found it on level 4 of the Spider Nest)
 31961 | Spider:4 | Reached skill level 6 in Evocations
 32188 | Spider:4 | Got a gossamer rune of Zot
 32608 | Lair:1   | Learned a level 4 spell: Animate Dead
 32645 | Swamp:1  | Entered Level 1 of the Swamp
 32781 | Swamp:1  | Learned a level 1 spell: Apportation
 33938 | Swamp:2  | Reached skill level 9 in Evocations
 34547 | Swamp:3  | Identified the Collected Works on Burning Toxins
 34882 | Swamp:4  | Entered Level 4 of the Swamp
 35115 | Swamp:4  | Reached skill level 9 in Earth Magic
 35399 | Swamp:4  | Got a decaying rune of Zot
 35517 | Swamp:4  | Reached XP level 19. HP: 127/127 MP: 31/31
 36230 | Vaults:1 | Entered Level 1 of the Vaults
 36808 | Vaults:1 | Killed from afar by a fire dragon

Vault maps used:
D:1:      shiori_shiawase
D:2:      minmay_overflow_temple_star_hex, minivault_14
D:3:      first_bread, uniq_robin, uniq_sigmund
D:4:      uniq_edmund, uniq_grinder
D:5:      lightli_sewer_entry_pipes, minmay_curled_crystal
D:7:      temple_hall, serial_shops, kennysheep_mini_moat, columned_hall_lemuel,
          uniq_crazy_yiuf_cottage, uniq_pikel, uniq_menkaure
D:8:      lair_entry_dummy, uniq_maurice
D:9:      david_orc_2, minmay_tree_intersection, grunt_qazlal_clouds
D:10:     cheibrodos_two_vegetables, serial_shops, nicolae_shop_crystal
D:11:     serial_glass, glass_columns_c, glass_columns_a
D:13:     cheibrodos_orc_bank, serial_shops, nicolae_shop_window_shopping,
          hangedman_ranch
D:14:     david_vaults_5, minivault_25, kennysheep_cluttered_room,
          minmay_guarded_unrand_resistance
D:15:     gammafunk_enter_depths_forms, enter_trove_1,
          nicolae_tso_carved_into_rock, uniq_urug
Lair:1:   kennysheep_rathole, minmay_lair_oklob_chamber, grunt_megastairs_4
Lair:2:   minmay_swamp_entry_eels, uniq_sonja
Lair:3:   spider_nest_entry_rubble, grunt_forest_large_clearings
Lair:4:   hangedman_what_comes_after_a, guppyfry_lair_drakes
Lair:5:   slime_dummy
Lair:6:   minmay_lair_end_frog_pond, lemuel_fruit_tree
Swamp:1:  evilmike_swamp_ruin_wall, infiniplex_staircase_pool_2
Swamp:2:  evilmike_swamp_ruin_house_2
Swamp:3:  evilmike_swamp_ruin_house_5
Swamp:4:  swamp, infiniplex_staircase_pool
Spider:2: spider_trap
Spider:3: uniq_jorgrun
Spider:4: guppyfry_spider_rune
Orc:1:    nicolae_orc_sculptors_studio, mines2_lemuel, uniq_harold
Orc:2:    grunt_orc_gardens, grunt_orc_garden, grunt_orc_garden,
          grunt_orc_garden, grunt_orc_garden, basic_altar
Vaults:1: vaults_room_guarded_vault, vaults_mumra_minichess,
          ontoclasm_vaults_chip, v_pattern_2, nicolae_vaults_circle_grid_a,
          nicolae_vaults_diagonal_hallway_7
Sewer:    sewer_minmay_treatment

Skill      XL: |  1  2  3  4  5  6  7  8  9 10 11 12 13 14 15 16 17 18 19 |
---------------+----------------------------------------------------------+-----
Staves         | 4 5 6 7 9 11 13 14 | 14.3
Fighting       | 9 10 13 16 | 16.4
Armour         | 9 11 | 11.0
Dodging        | 7 11 12 | 12.1
Spellcasting   | 5 7 8 |  8.3
Charms         | 5 6 |  6.7
Necromancy     | 4 6 10 | 10.0
Earth Magic    | 3 8 9 11 | 11.2
Evocations     | 3 10 | 10.0
Throwing       | |  1.7

Action                   |  1- 3 |  4- 6 |  7- 9 | 10-12 | 13-15 | 16-18 | 19-21 || total
-------------------------+-------+-------+-------+-------+-------+-------+-------++-------
Melee: Quarterstaff      |   130 |   154 |   481 |   582 |  1693 |  2353 |   190 ||  5583
       Headbutt          |       |       |    21 |   131 |   346 |   493 |    45 ||  1036
       Scimitar          |       |       |       |    79 |       |       |       ||    79
       Staff             |       |       |       |       |       |    66 |    12 ||    78
 Fire: Blowgun           |       |       |       |       |     3 |       |     2 ||     5
Throw: Throwing net      |       |       |     1 |       |       |       |       ||     1
 Cast: Regeneration      |       |       |       |       |     6 |    17 |     1 ||    24
       Animate Dead      |       |       |       |       |       |     9 |     1 ||    10
Invok: Heaven On Earth   |       |       |       |     2 |     3 |     6 |       ||    11
       Serpent's Lash    |       |       |       |     1 |     4 |    16 |     2 ||    23
 Abil: Fly               |       |       |       |       |     1 |       |       ||     1
Evoke: Wand              |       |       |       |     3 |     4 |     4 |       ||    11
       Sack of spiders   |       |       |       |       |       |     1 |       ||     1
       Lightning rod     |       |       |       |       |       |     3 |     1 ||     4
  Use: Potion            |       |       |     8 |     1 |     1 |     3 |       ||    13
       Scroll            |       |       |    12 |    14 |     8 |    14 |       ||    48
 Stab: Sleeping          |       |       |     1 |       |     1 |       |       ||     2
       Held in net/web   |       |       |     1 |       |       |     1 |       ||     2
       Confused          |       |       |       |     6 |     9 |       |       ||    15
       Paralysed         |       |       |       |     5 |    36 |       |       ||    41
       Distracted        |       |       |       |     2 |       |     5 |       ||     7
       Petrified         |       |       |       |       |    10 |       |       ||    10
       Petrifying        |       |       |       |       |     6 |       |       ||     6
  Eat: Chunk             |     1 |     6 |    13 |    19 |    26 |    46 |     5 ||   116
       Royal jelly       |       |       |       |     1 |     1 |     1 |       ||     3
       Fruit             |       |       |       |       |       |     4 |       ||     4
Armor: Leather armour    |    63 |    61 |   147 |    62 |       |       |       ||   333
       Skin              |       |       |     6 |       |       |       |       ||     6
       Troll leather arm |       |       |       |   148 |   440 |       |       ||   588
       Fire dragon scale |       |       |       |       |    25 |   817 |       ||   842
       Scale mail        |       |       |       |       |       |   432 |    68 ||   500
Dodge: Dodged            |    86 |   125 |   223 |   276 |   954 |  1529 |    87 ||  3280
       Rpst.: Scimitar   |       |       |       |     9 |       |       |       ||     9
